 Dungeon Crawl Stone Soup version 0.19.1 (webtiles) character file.

770195 RussianFaggotGlassGo the Conqueror (level 27, -11/261 HPs)
             Began as an Octopode Transmuter on Nov 25, 2016.
             Was the Champion of Cheibriados.
             Splashed with acid (35 damage)
             ... on level 4 of the Pits of Slime on Dec 2, 2016.
             The game lasted 17:36:26 (84607 turns).

RussianFaggotGlassGo the Conqueror (OpTm)          Turns: 84607, Time: 17:36:27

Health: -11/261    AC: 46    Str: 23 (26) XL:     27
Magic:  0/33       EV: 36    Int: 34 (37) God:    Cheibriados [******]
Gold:   77         SH: 18    Dex: 33 (35) Spells: 8 memorised, 12 levels left

rFire  + . .     SeeInvis +       - Unarmed
rCold  + . .     Gourm    .     K - +1 buckler {AC+3}
rNeg   + + .     Faith    .     P - +2 hat of the Bear Spirit {Spirit, +Rage rN+ MR++}
rPois  ∞         Spirit   +     W - +5 amulet of reflection
rElec  +         Reflect  +     h - +3 ring of evasion
rCorr  .         Harm     .     L - ring of Fejihew {rPois rF+ MR+ Int-2}
rMut   +                        U - ring of Vunwatri {Wiz rC+ Dex+5 SInv Stlth+}
MR     +++++                    V - ring of stealth
Stlth  +++++++...               (no ring)
                                E - +5 ring of protection
                                i - +2 ring of protection
                                s - +5 ring of protection

@: statue-form, marked, regenerating, repel missiles, very slow
A: almost no armour, stealthy swim, amphibious, 8 rings, constrict 8, antennae
1, tentacle spike 2, (iridescent scales 0), camouflage 1, agile 1, blurry vision
1, deterioration 1, dopey 1, frail 1, mutation resistance 3, (gelatinous body 0)
a: End Transformation, Bend Time, Temporal Distortion, Slouch, Step From Time,
Renounce Religion, Evoke Berserk Rage
}: 3/15 runes: serpentine, barnacled, silver


You were on level 4 of the Pits of Slime.
You worshipped Cheibriados.
Cheibriados was exalted by your worship.
You were near starving.
You were a stone statue.
You visited 12 branches of the dungeon, and saw 55 of its levels.
You visited 1 bazaar.
You also visited: Labyrinth, Sewer, Bailey and Volcano.

You collected 7274 gold pieces.
You spent 7197 gold pieces at shops.

Inventory:

Missiles
 a - 2287 arrows (quivered)
Armour
 K - a +1 buckler of protection (worn)
 P - the +2 hat of the Bear Spirit (worn) {Spirit, +Rage rN+ MR++}
   (You acquired it on level 3 of the Depths)

   It protects you from negative energy.
   It affects your resistance to hostile enchantments.
   It lets you go berserk.
Jewellery
 h - a +3 ring of evasion (left tentacle)
 i - a +2 ring of protection (on tentacle)
 s - a +5 ring of protection (on tentacle)
 E - a +5 ring of protection (on tentacle)
 L - the ring of Fejihew (right tentacle) {rPois rF+ MR+ Int-2}
   (You bought it in a shop on level 3 of the Depths)

   [ring of intelligence]

   It affects your intelligence (-2).
   It protects you from fire.
   It protects you from poison.
   It affects your resistance to hostile enchantments.
 U - the ring of Vunwatri (on tentacle) {Wiz rC+ Dex+5 SInv Stlth+}
   (You found it on level 1 of the Depths)

   [ring of wizardry]

   It improves your spell success rate.
   It affects your dexterity (+5).
   It protects you from cold.
   It lets you see invisible.
   It makes you more stealthy.
 V - a ring of stealth (on tentacle)
 W - a +5 amulet of reflection (around mantle)
Wands
 n - a wand of digging (17/24)
 o - a wand of disintegration (0/24)
 p - a wand of lightning (6/15)
 t - a wand of lightning (6/15)
 v - a wand of teleportation (3/9)
 x - a wand of lightning (7/15)
 A - a wand of lightning (0/15)
 Q - a wand of lightning (8/15)
Scrolls
 c - 18 scrolls of identify
 r - a scroll of summoning
 w - a scroll of silence
 y - 18 scrolls of teleportation
 z - 3 scrolls of vulnerability
 C - 5 scrolls of fear
 D - 4 scrolls of immolation
 F - 13 scrolls of fog
 G - 6 scrolls of magic mapping
 M - 2 scrolls of holy word
 N - 8 scrolls of blinking
 X - 2 scrolls of torment
 Y - 28 scrolls of remove curse
Potions
 d - a potion of invisibility
 e - 20 potions of curing
 f - 5 potions of resistance
 k - 3 potions of ambrosia
 l - 13 potions of brilliance
 m - 8 potions of flight
 q - 4 potions of magic
 u - 8 potions of agility
 H - 7 potions of berserk rage
 I - 7 potions of cancellation
 J - 11 potions of might
 O - 17 potions of heal wounds
 T - 17 potions of lignification
Miscellaneous
 Z - 4 sacks of spiders
Comestibles
 b - 13 beef jerkies


   Skills:
 O Level 27 Fighting
 * Level 17.1 Dodging
 - Level 6.0 Stealth
 - Level 20.0 Shields
 O Level 27 Unarmed Combat
 - Level 4.6 Spellcasting
 - Level 16.0 Necromancy
 - Level 16.0 Transmutations
 - Level 13.0 Earth Magic
   Level 3.5 Poison Magic
 - Level 14.0 Invocations


You had 12 spell levels left.
You knew the following spells:

 Your Spells              Type           Power        Failure   Level  Hunger
a - Repel Missiles        Chrm/Air       #.....       4%          2    None
b - Ozocubu's Armour      Chrm/Ice       #.......     6%          3    None
c - Regeneration          Chrm/Necr      ######....   1%          3    None
d - Statue Form           Tmut/Erth      #######..    1%          6    ######.
e - Dazzling Spray        Conj/Hex       #.....       6%          3    None
f - Sticks to Snakes      Tmut           #######.     0%          2    None
g - Passwall              Tmut/Erth      #######...   1%          2    None
h - Blink                 Tloc           N/A          4%          2    None


Dungeon Overview and Level Annotations

Branches:
Dungeon (15/15)            Temple (1/1) D:7            Lair (6/6) D:11
 Shoals (4/4) Lair:4        Snake (4/4) Lair:2        Slime (4/5) Lair:6
    Orc (2/2) D:11            Elf (3/3) Orc:2        Vaults (5/5) D:13
  Crypt (0/3) Vaults:3     Depths (5/5) D:15           Hell (1/1)
    Dis (0/7) Hell            Geh (0/7) Hell            Coc (0/7) Hell
    Tar (0/7) Hell            Zot (5/5) Depths:5

Altars:
Ashenzari
Cheibriados
Dithmenos
Elyvilon
Fedhas
Gozag
Hepliaklqana
Kikubaaqudgha
Makhleb
Nemelex Xobeh
Okawaru
Qazlal
Ru
Sif Muna
Trog
Uskayaw
Vehumet
Xom
Yredelemnul
Zin
The Shining One
Beogh
Jiyva
Lugonu

Shops:
D:4 [   D:10 %   D:12 =   D:15 :   Orc:1 =   Orc:2 *[%   Elf:3 *%}   Shoals:1 *
Shoals:3 }   Snake:1 :   Vaults:2 %   Vaults:3 !   Vaults:5 =*=!   Depths:3 [[=

Portals:
Hell: Depths:1 Depths:2 Depths:3 Depths:4 Depths:5
Abyss: Depths:1 Depths:3 Depths:4
Pandemonium: Depths:3 Depths:4
Ziggurat: Depths:4


Innate Abilities, Weirdness & Mutations

You cannot wear most types of armour.
You are very stealthy in the water. (Stealth+)
You are amphibious.
You can wear up to eight rings at the same time.
You can use your tentacles to constrict eight enemies at once.
Your skin changes colour to match your surroundings (Stealth+).
((Your rubbery body absorbs attacks. (AC +1, EV +1)))
You have a pair of small antennae on your head.
One of your tentacles bears a nasty spike.
((You are partially covered in iridescent scales. (AC +2)))
You are agile. (Dex +2)
Scrolls take you a little longer to read.
Your body sometimes deteriorates upon taking damage.
You are dopey. (Int -2)
You are frail. (-10% HP)
You are almost entirely resistant to further mutation and mutation removal.


Message History

You are near starving!
You found an alarm trap!
Casting: Statue Form
Confirm with . or Enter, or press ? or * to list all spells.
You turn into a living statue of rough stone.
Casting: Statue Form
Confirm with . or Enter, or press ? or * to list all spells.
Your skin crawls.
You are splashed with acid!
The walls burn you!
You are splashed with acid!
The walls burn you!
Your body deteriorates!
You feel weakened.
Really walk onto that alarm trap?
The alarm trap emits a blaring wail!
A sentinel's mark forms upon you.
You are splashed with acid!
The walls burn you!
Your body deteriorates!
You feel dopey.
You are splashed with acid!
The walls burn you!
* * * LOW HITPOINT WARNING * * *
You are splashed with acid!
The walls burn you!
You die...

#. # ##.############
##...#.##.##.##.
###.#...........##
##...........##.### #
##....##.#....#...##
##.#.......###...#.....
#......................
##....8................
###.#.#...............
# #.#####.#..##.....
#...###..##.###....
##.###.......#..... ###
##............
#............
#....#........
##.####....##.


There were no monsters in sight!

Vanquished Creatures
  7 ancient liches
  4 orbs of fire (Zot:5)
  Boris (Depths:3)
  Margery (Depths:5)
  Xtahua (Depths:4)
  3 Killer Klowns (Zot:5)
  Bai Suzhen (Snake:3)
  2 curse toes (Zot:2)
  Saint Roka (Elf:2)
  8 golden dragons
  Jory (Vaults:3)
  Geryon (Hell)
  A bone dragon (Zot:1)
  3 electric golems (Zot:5)
  A lich (Hell)
  A hellephant (Hell)
  21 tentacled monstrosities
  2 deep elf master archers (Elf:3)
  25 Orb Guardians (Zot:5)
  The ghost of Duskembrace the Unseen, an adept DrMo of Hepliaklqana (Vaults:4)
  19 acid blobs
  8 quicksilver dragons
  7 titans
  3 sphinxes
  3 deep elf blademasters
  13 death cobs
  A kraken (Shoals:4)
  Gastronok (Lair:3)
  The ghost of HUIXAX the Warrior, an adept MiBe of Trog (Shoals:1)
  Kirke (Lair:6)
  2 ancient champions (Hell)
  21 storm dragons
  7 tengu reavers
  15 shadow dragons
  14 draconian monks
  Donald (Snake:2)
  Ilsuiw (Shoals:4)
  12 nagarajas
  An orc warlord (Orc:1)
  10 azure jellies
  7 fire giants
  An iron dragon (Depths:3)
  5 ghost moths
  10 draconian zealots
  A balrug (Hell)
  12 frost giants
  Louise (Shoals:3)
  8 draconian knights
  8 deep elf sorcerers
  Aizul (Snake:2)
  2 ghouls
  11 draconian scorchers
  19 vault wardens
  38 very ugly things
  5 deep elf elementalists
  12 draconian shifters
  9 draconian annihilators
  9 reapers (Hell)
  9 draconian callers
  24 stone giants
  16 ironheart preservers
  4 war gargoyles
  2 spriggan defenders (Depths:3)
  5 entropy weavers
  2 lorocyprocas (Hell)
  21 white draconians
  13 black draconians
  10 deep elf demonologists
  11 mottled draconians
  14 green draconians
  13 red draconians
  20 yellow draconians
  5 deep elf annihilators
  23 purple draconians
  A spark wasp (Depths:3)
  2 blizzard demons (Hell)
  13 deep elf death magi
  17 ettins
  A green death (Hell)
  4 jiangshi
  11 merfolk javelineers
  A crystal guardian (Vaults:3)
  8 death oozes (Slime:4)
  A minotaur (Lab)
  10 merfolk impalers
  Josephine (D:10)
  13 fire dragons
  15 great orbs of eyes
  26 yaktaur captains
  33 vault guards
  7 deep elf high priests
  5 rakshasas
  Fannar (Lair:2)
  11 hydras
  7 ice dragons
  17 naga warriors
  A hell beast (Depths:5)
  7 spriggan air magi
  5 alligator snapping turtles
  9 centaur warriors
  17 anacondas
  17 ogre magi
  30 dancing weapons
  6 deep troll shamans
  5 merfolk aquamancers
  7 death yaks
  7 merfolk avatars
  3 satyrs
  6 tengu warriors
  A queen ant (Lair:3)
  Urug (D:13)
  2 vampire magi
  6 death knights
  5 small abominations
  13 deep troll earth magi
  A titan zombie (Hell)
  12 hell hogs (Hell)
  35 hell knights
  Sonja (D:10)
  12 shock serpents
  2 sun demons (Hell)
  The ghost of Philosophy the Cleaver, a novice HOFi (Bailey)
  A fire crab (shapeshifter) (D:15)
  8 spriggan berserkers
  22 deep elf knights
  2 iron golems (Hell)
  28 naga sharpshooters
  4 soul eaters (Hell)
  3 shadow wraiths
  6 large abominations
  22 skeletal warriors
  A golden dragon zombie (Depths:1)
  14 sea snakes
  5 salamander mystics
  32 deep trolls
  3 glowing orange brains
  A deep troll (shapeshifter) (Vaults:5)
  5 flayed ghosts
  An anaconda zombie (Hell)
  An unseen horror (D:15)
  11 naga ritualists
  22 deep elf archers
  9 hill giants
  5 lindwurms
  An anaconda skeleton (Hell)
  9 phantasmal warriors
  26 ironbrand convokers
  10 orc knights
  The ghost of Thomus the Cleaver, a novice HOFi (D:5)
  22 harpies
  Pikel (D:6)
  A lindwurm (shapeshifter) (Vaults:5)
  13 wizards
  11 mana vipers
  3 wolf spiders
  86 deep elf magi
  14 necromancers
  2 stone giant zombies
  7 cyclopes
  A faun (shapeshifter) (Vaults:5)
  57 ugly things
  A frost giant zombie (Depths:1)
  4 orc sorcerers
  14 manticores
  9 shining eyes
  A manticore (shapeshifter) (Vaults:5)
  A shining eye (shapeshifter) (Vaults:5)
  A salamander (shapeshifter) (Depths:5)
  Maurice (D:7)
  15 fauns
  28 moths of wrath
  A sphinx skeleton (Depths:1)
  15 sirens
  20 salamanders
  11 elephants (Lair:6)
  A human skeleton (Vaults:1)
  13 vault sentinels
  A black mamba (shapeshifter) (Vaults:2)
  A guardian serpent (shapeshifter) (Vaults:1)
  9 rust devils
  24 naga magi
  5 toenail golems (Volcano)
  20 guardian serpents
  3 centaur zombies
  10 water nymphs
  2 torpor snails
  17 spiny frogs
  5 gargoyles
  50 black mambas
  An eye of devastation (shapeshifter) (Vaults:3)
  A spiny frog (shapeshifter) (Vaults:3)
  A storm dragon simulacrum (Vaults:1)
  2 eyes of devastation
  A yaktaur (shapeshifter) (Depths:3)
  8 rime drakes
  7 kobold demonologists
  10 freezing wraiths
  8 komodo dragons
  54 yaktaurs
  5 tengu conjurers
  A demonic crawler (Depths:3)
  A komodo dragon (shapeshifter) (Vaults:1)
  2 harpy zombies
  2 minotaur zombies (Lab)
  A red devil (Depths:5)
  2 hydra zombies (Hell)
  A golden dragon simulacrum (Hell)
  9 trolls
  41 merfolk
  3 meliai (D:15)
  A meliai (shapeshifter) (D:14)
  8 wind drakes
  3 jumping spiders
  A two-headed ogre (shapeshifter) (Vaults:4)
  A wind drake (shapeshifter) (Vaults:3)
  18 hornets
  A polar bear (shapeshifter) (Depths:1)
  A spriggan zombie (Depths:1)
  An alligator zombie (Hell)
  5 polar bears
  A raiju (shapeshifter) (Depths:3)
  A hydra skeleton (Hell)
  A deep troll zombie (Depths:1)
  42 two-headed ogres
  A dream sheep (shapeshifter) (Vaults:4)
  A slime creature (shapeshifter) (Depths:1)
  A hippogriff (shapeshifter) (Vaults:1)
  26 blink frogs
  125 slime creatures
  2 dream sheep (Lair:6)
  22 hippogriffs
  10 snapping turtles
  18 spriggans
  A fire dragon zombie (Hell)
  An air elemental (Elf:1)
  4 shadows
  A centaur simulacrum (D:15)
  Sigmund (D:6)
  9 redbacks
  A spriggan (shapeshifter) (Depths:4)
  38 water elementals
  A tarantella (Vaults:5)
  A vampire (D:11)
  10 fire elementals
  92 yaks
  13 wraiths
  A black mamba skeleton (Hell)
  Eustachio (D:4)
  8 wyverns
  An elf zombie (Depths:1)
  2 hungry ghosts
  A basilisk (shapeshifter) (Depths:5)
  A human (shapeshifter) (Depths:2)
  An alligator skeleton (Hell)
  A human (D:11)
  A hog (shapeshifter) (Depths:1)
  10 vampire mosquitoes
  12 basilisks
  9 golden eyes
  Edmund (D:4)
  6 wargs
  2 mottled dragons
  58 nagas
  21 soldier ants
  5 spiny frog zombies (Hell)
  15 water moccasins
  8 porcupines
  5 hell hounds
  An ogre skeleton (Vaults:1)
  A hornet zombie (D:15)
  A sky beast (D:8)
  5 ice beasts
  44 orc warriors
  4 phantoms
  2 slaves (D:6)
  8 eyes of draining
  3 black bears (Lair:6)
  2 human zombies
  83 ogres
  An alligator simulacrum (Hell)
  3 black bears (shapeshifter)
  A necrophage (D:9)
  16 boggarts
  29 wolves
  17 centaurs
  18 crocodiles
  A crocodile (shapeshifter) (Vaults:4)
  5 big kobolds
  A big kobold (shapeshifter) (Depths:2)
  Blork the orc (D:6)
  20 bullfrogs
  2 elf simulacra (Vaults:5)
  A gnoll sergeant (D:5)
  An earth elemental (Elf:1)
  A wyvern zombie (D:11)
  A spiny frog simulacrum (Hell)
  A human simulacrum (Depths:1)
  4 scorpions
  A wyvern skeleton (D:10)
  A scorpion (shapeshifter) (Vaults:3)
  19 wights
  15 killer bees
  A snapping turtle simulacrum (Hell)
  8 electric eels
  The ghost of dscm the Sneak, a weakling OpWn (D:4)
  A howler monkey (D:8)
  7 crimson imps
  3 bullfrog zombies
  3 quasits
  35 jellies
  8 bullfrog skeletons
  26 orc priests
  13 centaur skeletons
  15 hounds
  3 iron imps (D:7)
  9 iguanas
  Terence (D:3)
  29 orc wizards
  24 worker ants
  6 hell rats
  A hound skeleton (D:11)
  8 gnolls
  12 adders
  An adder (shapeshifter) (Vaults:5)
  2 howler monkey skeletons
  2 river rats (D:11)
  7 shadow imps
  2 oozes
  An adder zombie (D:7)
  5 worms
  4 dart slugs
  8 leopard geckos
  123 orcs
  9 bats
  13 giant cockroaches
  12 goblins
  14 hobgoblins
  A hobgoblin (shapeshifter) (Depths:1)
  30 jackals
  6 quokkas
  4 ball pythons
  6 frilled lizards
  A jackal skeleton (D:5)
  26 kobolds
  A quokka skeleton (D:4)
  19 rats
  2 bushes (Lair:6)
  2 crawling corpses
  24 fungi
  43 plants
  4 withered plants (D:2)
3444 creatures vanquished.

Vanquished Creatures (collateral kills)
  A merfolk javelineer (Depths:3)
  A hell hog (Hell)
2 creatures vanquished.

Vanquished Creatures (others)
  A draconian zealot (Zot:4)
  The ghost of SeriousVitamin the Devastator, a journeyman DEFE of Vehumet (Slime:1)
  A merfolk javelineer (Depths:2)
  2 yaktaur captains
  An ogre mage (Vaults:3)
  A centaur warrior (D:14)
  A tengu warrior (D:9)
  A deep elf knight (Elf:2)
  An unseen horror (D:11)
  3 deep elf archers
  2 cyclopes
  2 deep elf magi (Elf:3)
  2 moths of wrath (Zot:5)
  11 yaktaurs
  2 two-headed ogres (Vaults:3)
  A water elemental (Depths:3)
  5 humans (Lair:6)
  A yak (D:11)
  A hell hound (Hell)
  A naga (Snake:3)
  3 ogres
  A slave (D:6)
  2 centaurs
  A bullfrog (D:11)
  An electric eel (D:11)
  A howler monkey (D:11)
  An orc wizard (D:12)
  An orc priest (D:11)
  An iguana (D:11)
  A worker ant (D:11)
  3 orcs
  A jackal (D:8)
  3 bats (D:11)
  3 kobolds (Bailey)
  4 rats (D:11)
  A bush (Lair:6)
  49 fungi
  61 plants
  4 tentacles (Shoals:4)
183 creatures vanquished.

Grand Total: 3629 creatures vanquished

Notes
Turn   | Place    | Note
-------+----------+-------------------------------------------
     0 | D:1      | RussianFaggotGlassGo the Octopode Transmuter began the quest for the Orb.
     0 | D:1      | Reached XP level 1. HP: 13/13 MP: 3/3
   305 | D:1      | Reached XP level 2. HP: 16/18 MP: 5/5
   312 | D:1      | Learned a level 2 spell: Sticks to Snakes
  1185 | D:2      | Reached XP level 3. HP: 22/23 MP: 6/6
  1419 | D:2      | Learned a level 3 spell: Spider Form
  1578 | D:2      | Reached skill level 1 in Poison Magic
  1623 | D:2      | Found a basalt altar of Yredelemnul.
  1846 | D:2      | Found a blossoming altar of Fedhas.
  1903 | D:2      | Reached XP level 4. HP: 28/28 MP: 4/7
  2399 | D:3      | Noticed Terence
  2410 | D:3      | Killed Terence
  2570 | D:3      | Reached XP level 5. HP: 13/33 MP: 4/8
  2815 | D:3      | Found a deep blue altar of Sif Muna.
  2815 | D:3      | Found an opulent altar of Gozag.
  2817 | D:3      | Found a hazy altar of Hepliaklqana.
  2817 | D:3      | Found a bloodstained altar of Trog.
  2844 | D:3      | Found a snail-covered altar of Cheibriados.
  2844 | D:3      | Found a sparkling altar of Nemelex Xobeh.
  2886 | D:3      | Became a worshipper of Cheibriados the Contemplative
  3188 | D:3      | Found a white marble altar of Elyvilon.
  3225 | D:3      | Found a sacrificial altar of Ru.
  3575 | D:4      | Reached * piety under Cheibriados
  3603 | D:4      | Noticed Edmund
  3738 | D:4      | Killed Edmund
  3738 | D:4      | Reached skill level 5 in Unarmed Combat
  3738 | D:4      | Reached XP level 6. HP: 7/38 MP: 7/9
  4012 | D:4      | Noticed dscm's ghost (weakling OpWn)
  4021 | D:4      | Killed dscm's ghost
  4217 | D:4      | Found Ehacadai's Antique Armour Boutique.
  4401 | D:5      | Entered Level 5 of the Dungeon
  4401 | D:5      | Noticed Eustachio
  4401 | D:5      | Noticed Thomus's ghost (novice HOFi)
  4412 | D:4      | Killed Eustachio
  4412 | D:4      | Reached XP level 7. HP: 43/46 MP: 7/10
  5022 | D:5      | Reached skill level 1 in Stealth
  5123 | D:6      | Reached ** piety under Cheibriados
  5171 | D:6      | Noticed Sigmund
  5200 | D:6      | Noticed Pikel
  5245 | D:6      | Noticed Blork the orc
  5260 | D:6      | Killed Blork the orc
  5260 | D:6      | Reached XP level 8. HP: 54/54 MP: 6/11
  5273 | D:6      | Killed Pikel
  5333 | D:6      | Got a crystal quarterstaff
  5481 | D:6      | Found a glowing drain.
  5489 | Sewer    | Entered a sewer
  5618 | Sewer    | Reached *** piety under Cheibriados
  5716 | Sewer    | Reached skill level 5 in Fighting
  5716 | Sewer    | Reached XP level 9. HP: 45/61 MP: 9/12
  5977 | D:6      | Killed Sigmund
  5977 | D:6      | Reached skill level 5 in Stealth
  6399 | D:6      | Reached **** piety under Cheibriados
  6904 | D:6      | Learned a level 4 spell: Ice Form
  6946 | D:7      | Found a staircase to the Ecumenical Temple.
  6955 | Temple   | Entered the Ecumenical Temple
  7832 | D:7      | Found a burning altar of Makhleb.
  7865 | D:7      | Reached XP level 10. HP: 61/68 MP: 11/13
  8228 | D:8      | Reached skill level 10 in Dodging
  8389 | D:8      | Noticed Maurice
  8421 | D:7      | Killed Maurice
  8947 | D:8      | Reached ***** piety under Cheibriados
  8994 | D:8      | Found a stormy altar of Qazlal.
  9114 | D:8      | Gained mutation: Your body sometimes deteriorates upon taking damage. [mutagenic meat]
  9116 | D:8      | Gained mutation: Your natural rate of healing is unusually fast. [mutagenic meat]
  9117 | D:8      | Gained mutation: You are partially covered in yellow scales. (AC +2) [mutagenic meat]
  9118 | D:8      | Gained mutation: Your magical capacity is low. (-10% MP) [mutagenic meat]
  9119 | D:8      | Gained mutation: You passively map a small area around you. [mutagenic meat]
  9459 | D:9      | Reached skill level 10 in Unarmed Combat
  9655 | D:9      | Noticed a tengu warrior
  9973 | D:9      | Reached XP level 11. HP: 72/72 MP: 8/12
 10921 | D:10     | Entered Level 10 of the Dungeon
 11004 | D:10     | Noticed Josephine
 11018 | D:10     | Killed Josephine
 11516 | D:10     | Found Gammoebb's Food Emporium.
 11663 | D:10     | Noticed a yaktaur captain
 11673 | D:10     | Killed a yaktaur captain
 11720 | D:10     | Noticed Sonja
 11744 | D:10     | Killed Sonja
 11757 | D:10     | Identified the +8 quarterstaff of Baigg {venom, Str+3 Dex+4 Stlth+} (You found it on level 6 of the Dungeon)
 12100 | D:11     | Killed an unseen horror
 12103 | D:11     | Killed a cyclops
 12390 | D:11     | Reached ****** piety under Cheibriados
 12557 | D:11     | Reached skill level 5 in Transmutations
 12617 | D:11     | Found a staircase to the Lair.
 12701 | D:11     | Found a shimmering altar of Xom.
 12728 | D:11     | Reached XP level 12. HP: 77/85 MP: 9/13
 13217 | D:11     | Found a staircase to the Orcish Mines.
 14100 | Orc:1    | Entered Level 1 of the Orcish Mines
 14100 | Orc:1    | Noticed an ettin
 14112 | D:11     | Killed an ettin
 14388 | Lair:1   | Entered Level 1 of the Lair of Beasts
 14401 | Lair:1   | Learned a level 6 spell: Statue Form
 15219 | Lair:2   | Found a staircase to the Snake Pit.
 15239 | Lair:1   | Reached XP level 13. HP: 79/90 MP: 10/14
 15660 | Lair:2   | Noticed Fannar
 15699 | Lair:2   | Killed Fannar
 15905 | Lair:2   | Reached skill level 10 in Transmutations
 15914 | Lair:2   | Reached skill level 1 in Earth Magic
 16495 | Lair:3   | Reached skill level 5 in Earth Magic
 16588 | Lair:3   | Found a dark tunnel.
 16614 | Volcano  | Entered a volcano
 17311 | Lair:3   | Noticed Gastronok
 17320 | Lair:3   | Killed Gastronok
 17320 | Lair:3   | Reached XP level 14. HP: 97/97 MP: 9/15
 17414 | Lair:3   | Reached skill level 10 in Earth Magic
 18267 | Lair:2   | Got a transparent arbalest
 18283 | Lair:2   | Identified the +9 arbalest "Cebiofaz" {flame, Str+4} (You found it on level 2 of the Lair of Beasts)
 18763 | Lair:4   | Found a staircase to the Shoals.
 19462 | Lair:1   | Identified a +2 rod of shadows (12/12) (You found it on level 2 of the Lair of Beasts)
 19826 | Lair:5   | Found a labyrinth entrance.
 19874 | Lab      | Entered a labyrinth
 20990 | Lab      | Identified the Guide on Combat Magic
 21612 | Lair:6   | Entered Level 6 of the Lair of Beasts
 21888 | Lair:6   | Reached XP level 15. HP: 101/101 MP: 11/16
 22308 | Lair:6   | Noticed Kirke
 22317 | Lair:6   | Killed Kirke
 22821 | Lair:6   | Found a runed door.
 22822 | Lair:6   | Found a viscous altar of Jiyva.
 22822 | Lair:6   | Noticed an acid blob
 22823 | Lair:6   | Noticed an acid blob
 22823 | Lair:6   | Found a staircase to the Slime Pits.
 22823 | Lair:6   | Noticed an acid blob
 22926 | Lair:6   | Reached skill level 10 in Fighting
 23981 | D:12     | Found Celavas's Jewellery Boutique.
 24003 | D:12     | Bought a cursed amulet of inaccuracy for 32 gold pieces
 24003 | D:12     | Bought an uncursed ring of protection from cold for 400 gold pieces
 24379 | D:12     | Identified a scroll of acquirement
 24380 | D:12     | Got a translucent pewter ring
 24392 | D:12     | Identified the ring "Perabior" {rElec rC- MR+ Dex+2} (You acquired it on level 12 of the Dungeon)
 24815 | D:5      | Killed Thomus's ghost
 24996 | D:5      | Found a shimmering altar of Xom.
 25033 | D:5      | Gained mutation: Your spells are a little easier to cast, but a little less powerful. [potion of mutation]
 25033 | D:5      | Gained mutation: Your magical capacity is very low. (-20% MP) [potion of mutation]
 25033 | D:5      | Gained mutation: Your muscles are strong. (Str +2) [potion of mutation]
 25034 | D:5      | Gained mutation: Your muscles are very strong. (Str +4) [potion of mutation]
 25583 | Lair:1   | Learned a level 2 spell: Repel Missiles
 25629 | Orc:1    | Noticed an orc warlord
 25637 | Orc:1    | Killed an orc warlord
 25714 | Orc:1    | Found Cipagh's Jewellery Shop.
 25720 | Orc:1    | Found a roughly hewn altar of Beogh.
 25721 | Orc:1    | Bought a +5 ring of protection for 660 gold pieces
 25799 | Orc:2    | Entered Level 2 of the Orcish Mines
 25812 | Orc:2    | Found a staircase to the Elven Halls.
 26221 | Orc:2    | Reached skill level 1 in Shields
 26221 | Orc:2    | Reached XP level 16. HP: 114/114 MP: 12/15
 26313 | Orc:2    | Found Gofo's General Store.
 26313 | Orc:2    | Found Wipto's Food Shoppe.
 26314 | Orc:2    | Found Agoarches's Antique Armour Shoppe.
 26314 | Orc:2    | Found Hogeaf's Magic Scroll Boutique.
 26323 | Orc:2    | Bought a scroll of immolation for 59 gold pieces
 26323 | Orc:2    | Bought a scroll of teleportation for 51 gold pieces
 26323 | Orc:2    | Bought a scroll of identify for 34 gold pieces
 26323 | Orc:2    | Bought a scroll of identify for 34 gold pieces
 26323 | Orc:2    | Bought a scroll of teleportation for 51 gold pieces
 26323 | Orc:2    | Bought a scroll of fear for 59 gold pieces
 26324 | Orc:2    | Bought a shiny buckler for 304 gold pieces
 26350 | Orc:2    | Bought a scroll of enchant armour for 127 gold pieces
 26350 | Orc:2    | Bought 3 scrolls of noise for 51 gold pieces
 26793 | Orc:1    | Found a roughly hewn altar of Beogh.
 26958 | Orc:1    | Reached skill level 5 in Shields
 27063 | Snake:1  | Entered Level 1 of the Snake Pit
 27117 | Snake:1  | Found Lentestri's Book Shoppe.
 28501 | Snake:2  | Noticed Donald
 28513 | Snake:2  | Killed Donald
 28634 | Snake:2  | Noticed Aizul
 28641 | Snake:2  | Killed Aizul
 28909 | Snake:2  | Reached XP level 17. HP: 107/119 MP: 14/16
 29423 | Snake:3  | Reached skill level 15 in Unarmed Combat
 29567 | Snake:3  | Noticed Bai Suzhen
 29583 | Snake:3  | Killed Bai Suzhen
 30319 | Snake:4  | Entered Level 4 of the Snake Pit
 30506 | Snake:4  | Found a glowing silver altar of Zin.
 30533 | Snake:4  | Reached skill level 1 in Invocations
 30618 | Snake:4  | Lost mutation: You passively map a small area around you. [mutagenic meat]
 30620 | Snake:4  | Gained mutation: One of your tentacles bears a spike. [mutagenic meat]
 30621 | Snake:4  | Gained mutation: You are agile. (Dex +2) [mutagenic meat]
 30622 | Snake:4  | Lost mutation: Your natural rate of healing is unusually fast. [mutagenic meat]
 30623 | Snake:4  | Gained mutation: One of your tentacles bears a nasty spike. [mutagenic meat]
 30686 | Snake:4  | Reached skill level 5 in Invocations
 30706 | Snake:4  | Gained mutation: You are frail. (-10% HP) [mutagenic meat]
 30707 | Snake:4  | Gained mutation: You are very agile. (Dex +4) [mutagenic meat]
 30761 | Snake:4  | Reached XP level 18. HP: 113/113 MP: 14/18
 30985 | Snake:4  | Lost mutation: One of your tentacles bears a nasty spike. [mutagenic meat]
 30986 | Snake:4  | Lost mutation: Your muscles are very strong. (Str +4) [mutagenic meat]
 30987 | Snake:4  | Lost mutation: Your magical capacity is very low. (-20% MP) [mutagenic meat]
 30988 | Snake:4  | Lost mutation: You are frail. (-10% HP) [mutagenic meat]
 31194 | Snake:4  | Lost mutation: Your spells are a little easier to cast, but a little less powerful. [mutagenic meat]
 31195 | Snake:4  | Gained mutation: Your spells are a little harder to cast, but a little more powerful. [mutagenic meat]
 31196 | Snake:4  | Lost mutation: Your magical capacity is low. (-10% MP) [mutagenic meat]
 31197 | Snake:4  | Gained mutation: Your flesh is heat resistant. (rF+) [mutagenic meat]
 31198 | Snake:4  | Gained mutation: You occasionally shout uncontrollably at your foes. [mutagenic meat]
 31199 | Snake:4  | Gained mutation: Your body often deteriorates upon taking damage. [mutagenic meat]
 31255 | Snake:4  | Reached skill level 10 in Invocations
 31605 | Snake:4  | Got a serpentine rune of Zot
 31675 | Snake:4  | Gained mutation: You possess an exceptional clarity of mind. [mutagenic meat]
 31676 | Snake:4  | Lost mutation: Your spells are a little harder to cast, but a little more powerful. [mutagenic meat]
 31793 | Snake:4  | Gained mutation: Scrolls take you a little longer to read. [mutagenic meat]
 32144 | Snake:3  | Lost mutation: One of your tentacles bears a spike. [mutagenic meat]
 32145 | Snake:3  | Lost mutation: You are partially covered in yellow scales. (AC +2) [mutagenic meat]
 32687 | Lair:1   | Identified a -2 rod of ignition (9/9) (You found it on level 1 of the Snake Pit)
 32752 | Lair:1   | Learned a level 3 spell: Regeneration
 32756 | Lair:1   | Learned a level 3 spell: Ozocubu's Armour
 32760 | Lair:1   | Learned a level 3 spell: Dazzling Spray
 32870 | Shoals:1 | Entered Level 1 of the Shoals
 32885 | Shoals:1 | Found Jofeucw's General Store.
 32910 | Shoals:1 | Reached skill level 1 in Necromancy
 33296 | Shoals:1 | Reached XP level 19. HP: 131/131 MP: 20/26
 33309 | Shoals:1 | Noticed HUIXAX's ghost (adept MiBe)
 33317 | Shoals:1 | Killed HUIXAX's ghost
 33602 | Shoals:1 | Reached skill level 5 in Necromancy
 33909 | Shoals:1 | Bought a meat ration for 65 gold pieces
 33909 | Shoals:1 | Bought 6 needles of paralysis for 46 gold pieces
 33909 | Shoals:1 | Bought a scroll of enchant weapon for 97 gold pieces
 34148 | Shoals:2 | Found Wossegusu's Distillery.
 34791 | Shoals:2 | Bought a potion of heal wounds for 70 gold pieces
 34791 | Shoals:2 | Bought a potion of brilliance for 56 gold pieces
 34791 | Shoals:2 | Bought a potion of curing for 42 gold pieces
 34791 | Shoals:2 | Bought 2 potions of curing for 84 gold pieces
 34791 | Shoals:2 | Bought a potion of heal wounds for 70 gold pieces
 34791 | Shoals:2 | Bought a potion of lignification for 42 gold pieces
 34791 | Shoals:2 | Bought a potion of curing for 42 gold pieces
 34791 | Shoals:2 | Bought a potion of mutation for 35 gold pieces
 34792 | Shoals:2 | Lost mutation: Your muscles are strong. (Str +2) [potion of mutation]
 34792 | Shoals:2 | Gained mutation: Your system is resistant to poisons. (rPois) [potion of mutation]
 34792 | Shoals:2 | Gained mutation: You are somewhat resistant to further mutation. [potion of mutation]
 35200 | Shoals:3 | Found Hutsaq's Gadget Boutique.
 35402 | Shoals:3 | Noticed Louise
 35408 | Shoals:3 | Killed Louise
 35721 | Shoals:3 | Reached skill level 10 in Necromancy
 36113 | Shoals:4 | Entered Level 4 of the Shoals
 36187 | Shoals:4 | Identified Gonilate's Disquisition on the Icy Birds
 36984 | Shoals:4 | Noticed Ilsuiw
 36993 | Shoals:4 | Killed Ilsuiw
 37104 | Shoals:4 | Reached XP level 20. HP: 137/137 MP: 25/27
 37123 | Shoals:4 | Got a barnacled rune of Zot
 38619 | Shoals:2 | Bought a potion of ambrosia for 112 gold pieces
 39415 | D:13     | Found a gate to the Vaults.
 39765 | D:13     | Noticed Urug
 39771 | D:13     | Killed Urug
 40389 | D:14     | Found a flagged portal.
 40405 | Bailey   | Entered a bailey
 40411 | Bailey   | Noticed Philosophy's ghost (novice HOFi)
 40435 | Bailey   | Killed Philosophy's ghost
 40816 | D:14     | Found a sacrificial altar of Ru.
 40954 | D:14     | Gained mutation: You are partially covered in iridescent scales. (AC +2) [potion of mutation]
 40954 | D:14     | Lost mutation: You occasionally shout uncontrollably at your foes. [potion of mutation]
 41693 | D:15     | Entered Level 15 of the Dungeon
 41730 | D:15     | Found Ekeagin's Book Emporium.
 41850 | D:15     | Gained mutation: You are dopey. (Int -2) [mutagenic meat]
 41985 | D:15     | Reached skill level 15 in Transmutations
 41994 | D:15     | Reached skill level 15 in Necromancy
 42167 | D:15     | Found a staircase to the Depths.
 42474 | D:15     | Got a heavily runed amber ring
 42767 | D:15     | Identified the ring of the King {rC+ Int+4} (You found it on level 15 of the Dungeon)
 42771 | Depths:1 | Entered Level 1 of the Depths
 42994 | Depths:1 | Reached XP level 21. HP: 143/143 MP: 24/28
 43070 | Depths:1 | Found a runed door.
 43169 | Depths:1 | Identified the Guide on Noxious Stones
 43188 | Depths:1 | Found a gateway to Hell.
 43203 | Depths:1 | Reached skill level 10 in Shields
 43240 | Depths:1 | Lost mutation: Your flesh is heat resistant. (rF+) [mutagenic meat]
 43427 | Depths:1 | Found a one-way gate to the infinite horrors of the Abyss.
 43509 | Depths:1 | Lost mutation: You are very agile. (Dex +4) [mutagenic meat]
 43512 | Depths:1 | Lost mutation: Your system is resistant to poisons. (rPois) [mutagenic meat]
 43515 | Depths:1 | Gained mutation: You are very dopey. (Int -4) [mutagenic meat]
 43517 | Depths:1 | Gained mutation: Your spells are a little easier to cast, but a little less powerful. [mutagenic meat]
 43592 | Depths:1 | Lost mutation: Your spells are a little easier to cast, but a little less powerful. [mutagenic meat]
 44798 | Depths:1 | Got a smoking scimitar
 44803 | Depths:1 | Got a bloodstained war axe
 44808 | Depths:1 | Got a glittering wooden ring
 44905 | Depths:1 | Identified the +0 scimitar of Indignation {freeze, +Rage MR+ Int+3 Stlth+} (You found it on level 1 of the Depths)
 44907 | Depths:1 | Identified the +7 war axe of Uhiocu {freeze, *Drain rPois rN++ Str+4} (You found it on level 1 of the Depths)
 44918 | Depths:1 | Identified the ring of Vunwatri {Wiz rC+ Dex+5 SInv Stlth+} (You found it on level 1 of the Depths)
 44975 | Depths:1 | Gained mutation: Scrolls take you longer to read. [mutagenic meat]
 45358 | Depths:1 | Gained mutation: You have a pair of small antennae on your head. [mutagenic meat]
 45549 | Depths:2 | Gained mutation: One of your tentacles bears a spike. [mutagenic meat]
 45551 | Depths:2 | Lost mutation: Your body often deteriorates upon taking damage. [mutagenic meat]
 45560 | Depths:2 | Lost mutation: You possess an exceptional clarity of mind. [mutagenic meat]
 45561 | Depths:2 | Lost mutation: You are very dopey. (Int -4) [mutagenic meat]
 45563 | Depths:2 | Gained mutation: You are frail. (-10% HP) [mutagenic meat]
 45706 | Depths:2 | Gained mutation: You are somewhat resistant to both further mutation and mutation removal. [mutagenic meat]
 45790 | Depths:2 | Reached XP level 22. HP: 128/139 MP: 29/29
 46256 | Depths:2 | Got a flickering iron amulet
 46576 | Depths:2 | Reached skill level 15 in Fighting
 46961 | Depths:3 | Noticed Boris
 46969 | Depths:3 | Found a one-way gate leading to the halls of Pandemonium.
 47030 | Depths:3 | Lost mutation: Scrolls take you longer to read. [mutagenic meat]
 47031 | Depths:3 | Gained mutation: One of your tentacles bears a nasty spike. [mutagenic meat]
 47112 | Depths:3 | Found Nag Soe's Armour Boutique.
 47962 | Lair:1   | Identified the amulet "Duaggif" {Gourm -Tele Str+6} (You found it on level 2 of the Depths)
 48474 | Depths:3 | Gained mutation: You are almost entirely resistant to further mutation and mutation removal. [mutagenic meat]
 48503 | Depths:3 | Killed Boris
 48523 | Depths:3 | Found Japsatt's Antique Armour Emporium.
 48667 | Depths:3 | Found Cacom's Jewellery Emporium.
 48719 | Depths:3 | Found a corrupted altar of Lugonu.
 49258 | Depths:4 | Found a gateway to a ziggurat.
 49803 | Depths:4 | Noticed Xtahua
 49806 | Depths:4 | Killed Xtahua
 49806 | Depths:4 | Reached XP level 23. HP: 145/145 MP: 28/33
 50240 | Depths:3 | Bought the cursed ring of Fejihew {rPois rF+ MR+ Int-2} for 284 gold pieces
 50730 | Depths:5 | Entered Level 5 of the Depths
 50734 | Depths:5 | Noticed Margery
 50748 | Depths:5 | Killed Margery
 50942 | Depths:5 | Found a gate to the Realm of Zot.
 50942 | Depths:5 | Noticed a golden dragon
 50943 | Depths:5 | Noticed a golden dragon
 50955 | Depths:5 | Killed a golden dragon
 50957 | Depths:5 | Killed a golden dragon
 51738 | Hell     | Entered the Vestibule of Hell
 51738 | Hell     | Noticed Geryon
 51754 | Hell     | Killed Geryon
 51821 | Hell     | Reached XP level 24. HP: 136/159 MP: 11/33
 52075 | Hell     | Found a gateway to the freezing wastes of Cocytus.
 52139 | Hell     | Found a gateway to the Iron City of Dis.
 52192 | Hell     | Found a gateway to the ashen valley of Gehenna.
 52315 | Hell     | Found a gateway to the decaying netherworld of Tartarus.
 52785 | Elf:1    | Entered Level 1 of the Elven Halls
 53975 | Elf:2    | Found a runed gate.
 53976 | Elf:2    | Found a runed gate.
 53982 | Elf:2    | Found a runed gate.
 54216 | Elf:2    | Noticed Saint Roka
 54233 | Elf:2    | Killed Saint Roka
 54605 | Elf:2    | Reached XP level 25. HP: 171/171 MP: 33/33
 55052 | Elf:3    | Entered Level 3 of the Elven Halls
 55055 | Elf:3    | Found an ancient bone altar of Kikubaaqudgha.
 55078 | Elf:3    | Found Jaezeuh's Assorted Antiques.
 55170 | Elf:3    | Found Dughuodese's Gadget Shoppe.
 55170 | Elf:3    | Found Ziskex's Food Shoppe.
 55173 | Elf:3    | Found a flickering gateway to a bazaar.
 55182 | Bazaar   | Entered a bazaar
 55200 | Bazaar   | Found Ujuklorph's Antique Armour Emporium.
 55200 | Bazaar   | Found Sodepog's Armour Shoppe.
 55214 | Bazaar   | Found Yfav's Armour Emporium.
 55227 | Bazaar   | Found Ruilout's Antique Armour Emporium.
 55240 | Bazaar   | Found Xuxatzal's Assorted Antiques.
 55391 | Bazaar   | Bought a scroll of magic mapping for 80 gold pieces
 55391 | Bazaar   | Bought a scroll of identify for 46 gold pieces
 55391 | Bazaar   | Bought a paperback book for 345 gold pieces
 55391 | Bazaar   | Bought a potion of lignification for 69 gold pieces
 55391 | Bazaar   | Bought a scroll of vulnerability for 172 gold pieces
 55391 | Bazaar   | Bought a scroll of identify for 46 gold pieces
 56852 | Elf:3    | Got a translucent rapier {elec}
 56925 | Elf:3    | Got a crude dagger
 57060 | Elf:3    | Identified the +7 rapier "Hellblazer" {elec, rF+ rC+} (You took it off a deep elf demonologist on level 3 of the Elven Halls)
 57065 | Elf:3    | Identified the +2 dagger of Fragile Peace {vamp, +Blink Str+5 Dex-4} (You found it on level 3 of the Elven Halls)
 57278 | Lair:1   | Learned a level 2 spell: Passwall
 57281 | Lair:1   | Learned a level 2 spell: Blink
 57745 | Vaults:1 | Entered Level 1 of the Vaults
 58444 | Vaults:1 | Got a faintly glowing battleaxe
 58478 | Vaults:1 | Identified the +4 battleaxe "Cisol" {holy, Str+7} (You found it on level 1 of the Vaults)
 59137 | Vaults:2 | Found Reifuukk's Food Boutique.
 59481 | Vaults:2 | Reached XP level 26. HP: 180/180 MP: 20/33
 60654 | Vaults:3 | Got a sparkling jade ring
 60760 | Vaults:3 | Found Finis's Distillery.
 60945 | Vaults:3 | Noticed Jory
 60950 | Vaults:3 | Killed Jory
 61720 | Vaults:3 | Found a staircase to the Crypt.
 62571 | Vaults:4 | Noticed Duskembrace's ghost (adept DrMo)
 62584 | Vaults:4 | Killed Duskembrace's ghost
 62772 | Vaults:4 | Identified the Tome of the Destructive Rocks
 63016 | Vaults:4 | Reached XP level 27. HP: 186/186 MP: 28/33
 63827 | Vaults:5 | Entered Level 5 of the Vaults
 64174 | Vaults:5 | Noticed an ancient lich
 64176 | Vaults:5 | Killed an ancient lich
 64455 | Vaults:5 | Got a silver rune of Zot
 64575 | Vaults:5 | Found Worph's Jewellery Boutique.
 64579 | Vaults:5 | Found Qaesaqo's Jewellery Shoppe.
 64748 | Vaults:5 | Found Ypsuli's General Store.
 64812 | Vaults:5 | Found Doulaq's Distillery.
 65523 | Vaults:5 | Got an uncursed ancient spear {drain}
 65523 | Vaults:5 | Got an uncursed warped shortbow {flame}
 66045 | Vaults:5 | Got an encrusted spear
 66144 | Vaults:4 | Identified the +9 spear of Defence by Offence {drain, Str+7 Int+2} (You took it off a vault warden on level 5 of the Vaults)
 66151 | Vaults:4 | Identified the +3 shortbow "Fuytot" {flame, rC+ Int+5} (You took it off a vault warden on level 5 of the Vaults)
 66154 | Vaults:4 | Identified the cursed +3 spear of Yhad {pierce, rPois rF++ MP+9 Stlth-} (You found it on level 5 of the Vaults)
 66880 | Vaults:5 | Bought a potion of curing for 57 gold pieces
 66880 | Vaults:5 | Bought a potion of resistance for 190 gold pieces
 66880 | Vaults:5 | Bought a potion of ambrosia for 152 gold pieces
 66880 | Vaults:5 | Bought a potion of brilliance for 76 gold pieces
 66880 | Vaults:5 | Bought a potion of brilliance for 76 gold pieces
 66880 | Vaults:5 | Bought a potion of brilliance for 76 gold pieces
 66880 | Vaults:5 | Bought a potion of flight for 57 gold pieces
 66880 | Vaults:5 | Bought a potion of flight for 57 gold pieces
 66925 | Vaults:5 | Bought a scroll of blinking for 172 gold pieces
 66925 | Vaults:5 | Bought a potion of curing for 69 gold pieces
 66929 | Vaults:5 | Bought the ring of the Mage {Wiz MR++ Int+3} for 620 gold pieces
 67299 | D:13     | Identified the ring "Axiaqel" {Wiz SInv} (You found it on level 3 of the Vaults)
 67838 | Zot:1    | Entered Level 1 of the Realm of Zot
 68194 | Zot:1    | Got a heavily runed steel ring
 69279 | Depths:5 | Identified the ring "Joecw" {Wiz Str+6} (You took it off a mottled draconian on level 1 of the Realm of Zot)
 69459 | Zot:1    | Got a faintly glowing silver amulet
 69725 | Zot:2    | Identified the amulet "Ybofroj" {Gourm Int+2 SInv} (You found it on level 1 of the Realm of Zot)
 70691 | Zot:3    | Reached skill level 27 in Fighting
 73386 | Zot:5    | Entered Level 5 of the Realm of Zot
 73663 | Zot:5    | Reached skill level 27 in Unarmed Combat
 73778 | Zot:5    | Noticed an ancient lich
 73780 | Zot:5    | Killed an ancient lich
 73783 | Zot:5    | Noticed an ancient lich
 73787 | Zot:5    | Killed an ancient lich
 73815 | Zot:5    | Noticed an ancient lich
 73823 | Zot:5    | Killed an ancient lich
 73981 | Zot:5    | Reached skill level 15 in Shields
 74149 | Zot:5    | Noticed an ancient lich
 74155 | Zot:5    | Killed an ancient lich
 74526 | Zot:5    | Noticed an orb of fire
 74530 | Zot:5    | Killed an orb of fire
 74633 | Zot:5    | Noticed an ancient lich
 74639 | Zot:5    | Killed an ancient lich
 74662 | Zot:5    | Noticed an ancient lich
 74666 | Zot:5    | Killed an ancient lich
 74783 | Zot:5    | Noticed an orb of fire
 74790 | Zot:5    | Killed an orb of fire
 74916 | Zot:5    | Noticed an orb of fire
 74920 | Zot:5    | Killed an orb of fire
 74937 | Zot:5    | Noticed an orb of fire
 74944 | Zot:5    | Killed an orb of fire
 78032 | Orc:2    | Bought a scroll of amnesia for 59 gold pieces
 78032 | Orc:2    | Bought a scroll of enchant weapon for 127 gold pieces
 78032 | Orc:2    | Bought a scroll of enchant weapon for 127 gold pieces
 78036 | Orc:2    | Bought a scroll of immolation for 59 gold pieces
 78131 | Elf:3    | Bought a wand of digging (12/24) for 352 gold pieces
 78246 | Elf:3    | Bought a scroll of magic mapping for 94 gold pieces
 78246 | Elf:3    | Bought a scroll of enchant armour for 202 gold pieces
 78246 | Elf:3    | Bought a scroll of amnesia for 94 gold pieces
 78988 | Vaults:3 | Bought 2 potions of magic for 256 gold pieces
 78988 | Vaults:3 | Bought a potion of curing for 48 gold pieces
 78988 | Vaults:3 | Bought a potion of invisibility for 128 gold pieces
 78988 | Vaults:3 | Bought 2 potions of heal wounds for 160 gold pieces
 78988 | Vaults:3 | Bought a potion of curing for 48 gold pieces
 78988 | Vaults:3 | Bought a potion of lignification for 48 gold pieces
 78988 | Vaults:3 | Bought a potion of flight for 48 gold pieces
 78988 | Vaults:3 | Bought a potion of heal wounds for 80 gold pieces
 79486 | Slime:1  | Entered Level 1 of the Pits of Slime
 79506 | Slime:1  | Killed SeriousVitamin's ghost
 80161 | Slime:1  | HP: 4/201 [acid (39)]
 80594 | Slime:2  | Reached skill level 15 in Dodging
 82035 | Slime:3  | Found a viscous altar of Jiyva.
 84607 | Slime:4  | Splashed with acid

Skill      XL: |  1  2  3  4  5  6  7  8  9 10 11 12 13 14 15 16 17 18 19 20 21 22 23 24 25 26 27 |
---------------+----------------------------------------------------------------------------------+-----
Transmutations | 3 6 8 10 12 13 14 15 16 | 16.0
Poison Magic   | 2 3 |  3.5
Unarmed Combat | 5 10 11 14 17 19 22 27 | 27.0
Fighting       | 3 4 5 6 9 12 14 15 17 20 22 27 | 27.0
Stealth        | 3 6 |  6.0
Dodging        | 3 7 9 10 13 17 | 17.1
Earth Magic    | 9 11 13 | 13.0
Shields        | 1 5 8 12 20 | 20.0
Invocations    | 6 10 13 14 | 14.0
Spellcasting   | 4 |  4.6
Necromancy     | 3 12 15 16 | 16.0

Action                   |  1- 3 |  4- 6 |  7- 9 | 10-12 | 13-15 | 16-18 | 19-21 | 22-24 | 25-27 || total
-------------------------+-------+-------+-------+-------+-------+-------+-------+-------+-------++-------
Melee: Unarmed           |    89 |   234 |   314 |   778 |  1030 |   808 |  1239 |  1002 |  2405 ||  7899
       Constrict         |    21 |    22 |    20 |    73 |   130 |    73 |   190 |   169 |   410 ||  1108
       Tentacles         |    12 |    24 |    15 |   110 |   267 |   256 |   428 |   376 |   788 ||  2276
       Kick              |     6 |       |       |       |       |   145 |    38 |   617 |  1333 ||  2139
       Punch             |     1 |     5 |     6 |    48 |   106 |   137 |   318 |   260 |   645 ||  1526
       Blowgun           |       |       |       |    20 |       |       |       |       |       ||    20
       Arbalest          |       |       |       |       |     6 |       |    17 |       |       ||    23
       War axe           |       |       |       |       |       |       |     2 |       |       ||     2
 Fire: Blowgun           |       |       |    47 |    75 |       |       |       |       |       ||   122
       Arbalest          |       |       |       |    14 |    61 |       |   127 |       |       ||   202
Throw: Tomahawk          |       |       |     7 |    16 |     9 |     9 |     1 |     3 |       ||    45
       Throwing net      |       |       |       |       |     1 |       |       |       |       ||     1
       Javelin           |       |       |       |       |     3 |       |       |       |       ||     3
 Cast: Beastly Appendage |     5 |       |       |       |       |       |       |       |       ||     5
       Spider Form       |     2 |    10 |    33 |    56 |    22 |       |       |       |       ||   123
       Sticks to Snakes  |       |       |       |     1 |       |       |       |     3 |       ||     4
       Statue Form       |       |       |       |       |    34 |    53 |    69 |    50 |   156 ||   362
       Ice Form          |       |       |       |       |     2 |       |       |       |       ||     2
       Repel Missiles    |       |       |       |       |     1 |    23 |    14 |    12 |    29 ||    79
       Dazzling Spray    |       |       |       |       |       |     2 |     1 |     1 |     8 ||    12
       Regeneration      |       |       |       |       |       |       |    31 |    42 |   173 ||   246
       Ozocubu's Armour  |       |       |       |       |       |       |     2 |       |       ||     2
       Blink             |       |       |       |       |       |       |       |       |     5 ||     5
Invok: Bend Time         |       |       |       |       |     1 |     1 |       |       |       ||     2
       Step From Time    |       |       |       |       |       |       |       |     1 |       ||     1
       Slouch            |       |       |       |       |       |       |       |     6 |    12 ||    18
 Abil: End Transformatio |       |       |     1 |    11 |    16 |       |       |       |     1 ||    29
Evoke: Wand              |       |     1 |       |     4 |    46 |    18 |    34 |     6 |    56 ||   165
       Lamp of fire      |       |       |       |       |       |       |       |     1 |       ||     1
  Use: Scroll            |       |       |    15 |     9 |    14 |     7 |     9 |     6 |    25 ||    85
       Potion            |       |       |     2 |     3 |     5 |     1 |     2 |     4 |     7 ||    24
 Stab: Sleeping          |     1 |     4 |     7 |    10 |    21 |    12 |    19 |    18 |    27 ||   119
       Distracted        |       |       |       |     5 |     3 |       |     6 |     5 |     5 ||    24
       Invisible         |       |       |       |       |       |     1 |       |       |     8 ||     9
       Paralysed         |       |       |       |       |       |       |     4 |       |       ||     4
       Confused          |       |       |       |       |       |       |       |     2 |     3 ||     5
  Eat: Chunk             |     3 |     9 |    11 |    25 |    41 |    73 |   127 |    55 |   177 ||   521
       Fruit             |       |       |       |       |     3 |     4 |     1 |     2 |    28 ||    38
       Beef jerky        |       |       |       |       |       |       |       |       |     2 ||     2
Armor: Skin              |     7 |    14 |     6 |    20 |   163 |   296 |   410 |   327 |   609 ||  1852
Dodge: Dodged            |    45 |   172 |   289 |   872 |  1295 |  1341 |  1658 |  1172 |  2495 ||  9339
       Deflected         |       |       |       |       |     1 |    56 |    43 |    34 |    70 ||   204
Block: Buckler           |       |       |       |       |       |   526 |   920 |  1032 |  2082 ||  4560
       Reflection        |       |       |       |       |       |     8 |    93 |    79 |   114 ||   294
       Other             |       |       |       |       |       |       |    19 |       |    30 ||    49
